 Dungeon Crawl Stone Soup version 0.20-a0-647-gf178af5 (webtiles) character file.

3768 presbutan the Thaumaturge (level 9, 0/39 HPs)
             Began as a Spriggan Venom Mage on Feb 16, 2017.
             Was an Initiate of Sif Muna.
             Slain by a bullfrog (7 damage)
             ... on level 8 of the Dungeon.
             The game lasted 00:35:56 (11065 turns).

presbutan the Thaumaturge (Spriggan Venom Mage)    Turns: 11065, Time: 00:35:57

Health: 0/39       AC:  4    Str: 10    XL:     9   Next: 94%
Magic:  26/26      EV: 20    Int: 16    God:    Sif Muna [......]
Gold:   308        SH:  5    Dex: 19    Spells: 17/32 levels left

rFire    + . .     SeeInvis +   b - +2 hunting sling (freeze)
rCold    + . .     Gourm    .   L - +2 robe {MR+}
rNeg     . . .     Faith    .   (shield restricted)
rPois    .         Spirit   .   (helmet restricted)
rElec    .         Reflect  +   (no cloak)
rCorr    .         Harm     .   (gloves unavailable)
MR       ++...                  (boots unavailable)
Stlth    ++++......             y - +5 amulet of reflection
Regen    0.2/turn               s - ring of stealth
MPRegen  0.2/turn               g - +5 ring of strength

@: very quick
A: unfitting armour, repulsion field 1, see invisible, cold resistance 1, fire
resistance 1, herbivore 3, speed 3, slow metabolism 2
a: Renounce Religion


You were on level 8 of the Dungeon.
You worshipped Sif Muna.
Sif Muna was noncommittal.
You were hungry.

You visited 2 branches of the dungeon, and saw 9 of its levels.
You also visited: Sewer and Ossuary.

You collected 308 gold pieces.

Inventory:

Hand Weapons
 a - a +2 dagger of speed
 b - a +2 hunting sling of freezing (weapon)
Missiles
 d - 126 arrows
 f - 118 stones (quivered)
 l - 103 bolts
 H - 13 sling bullets
Armour
 J - a +2 robe of positive energy
 L - a +2 robe of magic resistance (worn)
 N - +0 steam dragon scales
Jewellery
 g - a +5 ring of strength (left hand)
 s - a ring of stealth (right hand)
 y - a +5 amulet of reflection (around neck)
 A - an uncursed ring of resist corrosion
Wands
 u - a wand of paralysis (19/24)
 O - a wand of confusion (37/48)
 P - a wand of random effects (26/48)
Scrolls
 i - 9 scrolls of identify {unknown}
 j - a scroll of immolation {unknown}
 k - 7 scrolls of teleportation {unknown}
 n - 5 scrolls of fear {unknown}
 o - a scroll of remove curse {unknown}
 t - 3 scrolls of amnesia {unknown}
 w - a scroll of recharging {unknown}
 B - a scroll of holy word {unknown}
 E - 4 scrolls of random uselessness {unknown}
 F - 4 scrolls of blinking {unknown}
 G - a scroll of enchant weapon {unknown}
 K - 3 scrolls of magic mapping {unknown}
 Q - a scroll of acquirement {unknown}
 R - a scroll of noise {unknown}
Potions
 h - 3 potions of mutation
 m - 2 potions of might
 q - 3 potions of haste
 r - 2 potions of lignification
 v - 8 potions of curing
 x - a potion of brilliance
 z - a potion of magic
 C - a potion of ambrosia
 D - a potion of heal wounds
 M - a potion of invisibility
Books
 e - a Young Poisoner's Handbook

   Spells                             Type                      Level
   a - Sting                          Conjuration/Poison           1
   b - Poisonous Vapours              Poison/Air                   2
   c - Mephitic Cloud                 Conjuration/Poison/Air       3
   d - Olgreb's Toxic Radiance        Poison                       4
   e - Venom Bolt                     Conjuration/Poison           5
 I - a book of Callings

   Spells                             Type                      Level
   a - Summon Small Mammal            Summoning                    1
   b - Call Imp                       Summoning                    2
   c - Call Canine Familiar           Summoning                    3
   d - Summon Guardian Golem          Hexes/Summoning              3
   e - Summon Lightning Spire         Summoning/Air                4
   f - Summon Ice Beast               Ice/Summoning                4
Comestibles
 c - 2 bread rations
 p - a royal jelly


   Skills:
 - Level 3.0 Dodging
 - Level 3.0 Stealth
 + Level 12.0 Spellcasting
 - Level 1.3 Conjurations
 + Level 10.4 Poison Magic


You had 17 spell levels left.
You knew the following spells:

 Your Spells              Type           Power        Failure   Level  Hunger
a - Sting                 Conj/Pois      ####         1%          1    None
b - Poisonous Vapours     Pois/Air       ####..       1%          2    None
c - Mephitic Cloud        Conj/Pois/Air  ###.....     6%          3    None
d - Olgreb's Toxic Radia  Pois           #####...     1%          4    ##.....
e - Venom Bolt            Conj/Pois      ####......   21%         5    #####..


Dungeon Overview and Level Annotations

Branches:
Dungeon (8/15)             Temple (1/1) D:7
   Lair: D:8-11

Altars:
Cheibriados
Dithmenos
Elyvilon
Gozag
Hepliaklqana
Nemelex Xobeh
Okawaru
Qazlal
Ru
Sif Muna
Uskayaw
Vehumet
Xom
Yredelemnul
Zin
The Shining One

Shops:
D:6 [   D:8 [

Annotations:
D:6 Belltower's ghost, novice FoHu


Innate Abilities, Weirdness & Mutations

You are very small and have problems with some larger weapons.
You are too small for most types of armour.
You have supernaturally acute eyesight. (SInv)
You are a herbivore.
You cover ground extremely quickly.
You need consume almost no food.
You are surrounded by a mild repulsion field. (EV +2)
Your flesh is cold resistant. (rC+)
Your flesh is heat resistant. (rF+)


Message History

Aim: a bullfrog You shoot a stone.
The stone completely misses the bullfrog.
The stone closely misses the howler monkey.
The bullfrog completely misses you. The bullfrog hits you.
* * * LOW HITPOINT WARNING * * *
Firing (i - inventory. (,) - cycle):
f - 120 stones (quivered)
Press: ? - help, Shift-Dir - straight line, f/p - bullfrog
Aim: a bullfrog You shoot a stone.
The stone hits the bullfrog.
The bullfrog seems to slow down.
The stone freezes the bullfrog.
The bullfrog is moderately wounded.
The bullfrog misses you.
Firing (i - inventory. (,) - cycle):
f - 119 stones (quivered)
Press: ? - help, Shift-Dir - straight line, f/p - bullfrog
Aim: a bullfrog (moderately wounded, slow)
You shoot a stone. The stone hits the bullfrog.
The stone freezes the bullfrog.
The bullfrog is heavily wounded.
The bullfrog hits you!
You die...

.P. #..# P.P.
#(.###### P..P.
#........
..P.(##∩#######
..PP..#.#
P.?.P.((#
.....##h# ...P
#F# P.. #@# .%
#.# . ... ##.(#
#..# #..# ...#
..(#


You could see a bullfrog and a howler monkey.

Vanquished Creatures
  Sigmund (D:6)
  A wyvern (D:7)
  A steam dragon (D:7)
  Edmund (D:4)
  A water moccasin (D:8)
  Duvessa (D:7)
  2 porcupines (D:8)
  2 orc warriors
  2 sky beasts
  2 necrophages
  3 ogres
  2 bullfrogs
  A wyvern skeleton (D:8)
  Dowan (D:7)
  2 scorpions (D:6)
  3 killer bees (D:7)
  7 howler monkeys
  4 crimson imps
  A bullfrog zombie (D:7)
  A bullfrog skeleton (D:3)
  2 orc priests (D:5)
  3 hounds
  2 centaur zombies (Ossuary)
  A jelly (D:6)
  7 orc wizards
  An iguana (D:5)
  Jessica (D:2)
  7 worker ants
  A killer bee zombie (D:7)
  A big kobold zombie (Ossuary)
  A hound skeleton (D:6)
  5 mummies
  A worker ant zombie (D:5)
  10 adders
  3 gnolls (D:7)
  A river rat (D:4)
  2 shadow imps
  An ooze (D:4)
  An adder skeleton (D:6)
  3 worms
  5 leopard geckos
  28 orcs
  8 giant cockroaches
  6 goblins
  4 hobgoblins
  14 jackals
  4 quokkas
  6 ball pythons (Sewer)
  6 bats
  6 frilled lizards
  A hobgoblin zombie (Ossuary)
  10 kobolds
  A quokka zombie (D:5)
  5 rats
197 creatures vanquished.

Vanquished Creatures (others)
  A mummy (Ossuary)
  3 fungi (D:8)
4 creatures vanquished.

Grand Total: 201 creatures vanquished

Notes
Turn   | Place    | Note
-------+----------+-------------------------------------------
     0 | D:1      | presbutan the Spriggan Venom Mage began the quest for the Orb.
     0 | D:1      | Reached XP level 1. HP: 9/9 MP: 5/5
    44 | D:1      | Gained mutation: Your flesh is heat resistant. (rF+) [potion of mutation]
    44 | D:1      | Gained mutation: You are surrounded by a mild repulsion field. (EV +2) [potion of mutation]
    44 | D:1      | Gained mutation: Your flesh is cold resistant. (rC+) [potion of mutation]
   545 | D:1      | Reached XP level 2. HP: 13/13 MP: 1/6
   625 | D:1      | Reached skill level 3 in Spellcasting
   961 | D:2      | Learned a level 2 spell: Poisonous Vapours
  1004 | D:2      | Found a basalt altar of Yredelemnul.
  1184 | D:2      | Noticed Jessica
  1193 | D:2      | Killed Jessica
  1193 | D:2      | Reached skill level 1 in Conjurations
  1193 | D:2      | Reached XP level 3. HP: 16/16 MP: 6/9
  1636 | D:2      | Learned a level 3 spell: Mephitic Cloud
  1721 | D:3      | Reached skill level 4 in Spellcasting
  1815 | D:3      | Reached XP level 4. HP: 17/21 MP: 11/11
  2037 | D:3      | Found a radiant altar of Vehumet.
  2177 | D:3      | Reached XP level 5. HP: 24/24 MP: 13/13
  2351 | D:3      | Reached skill level 5 in Spellcasting
  2753 | D:4      | Found a glowing drain.
  2757 | Sewer    | Entered a sewer
  3825 | Sewer    | Learned a level 4 spell: Olgreb's Toxic Radiance
  3900 | D:4      | Noticed an ogre
  3923 | D:4      | Killed an ogre
  3923 | D:4      | Reached skill level 6 in Spellcasting
  3923 | D:4      | Reached skill level 5 in Poison Magic
  3923 | D:4      | Reached XP level 6. HP: 26/28 MP: 11/16
  4158 | D:4      | Noticed Edmund
  4202 | D:4      | Killed Edmund
  4430 | D:4      | Found a hide-covered altar of Uskayaw.
  4440 | D:4      | Reached XP level 7. HP: 28/32 MP: 18/18
  4567 | D:4      | Found an iron altar of Okawaru.
  4768 | D:5      | Entered Level 5 of the Dungeon
  4784 | D:5      | Reached skill level 7 in Spellcasting
  4788 | D:5      | Found a stormy altar of Qazlal.
  5084 | D:5      | Reached skill level 8 in Spellcasting
  5246 | D:5      | Reached XP level 8. HP: 31/36 MP: 19/21
  5417 | D:5      | Found a sand-covered staircase.
  5423 | Ossuary  | Entered an ossuary
  5995 | D:5      | Found a glowing golden altar of the Shining One.
  6007 | D:5      | Found a shimmering altar of Xom.
  6549 | D:6      | Reached skill level 9 in Spellcasting
  6822 | D:6      | Noticed Sigmund
  6833 | D:6      | Killed Sigmund
  6886 | D:6      | Noticed Belltower's ghost (novice FoHu)
  7108 | D:6      | Found Firel's Armour Boutique.
  7142 | D:6      | Reached skill level 10 in Spellcasting
  7292 | D:6      | Found a sacrificial altar of Ru.
  7325 | D:6      | Reached XP level 9. HP: 39/39 MP: 18/24
  7602 | D:7      | Noticed Dowan
  7622 | D:7      | Killed Dowan
  8531 | D:7      | Reached skill level 11 in Spellcasting
  9472 | D:7      | Noticed Duvessa
  9514 | D:7      | Killed Duvessa
  9771 | D:7      | Found a staircase to the Ecumenical Temple.
  9871 | Temple   | Entered the Ecumenical Temple
 10231 | Temple   | Became a worshipper of Sif Muna the Loreminder
 10511 | D:8      | Learned a level 5 spell: Venom Bolt
 10520 | D:8      | Found Hitralumo's Antique Armour Emporium.
 10541 | D:8      | Reached skill level 10 in Poison Magic
 10821 | D:8      | Reached skill level 12 in Spellcasting
 11065 | D:8      | Slain by a bullfrog

Vault maps used:
D:1:      dpeg_arrival_stone_temple_mockup, grunt_decor_mini_mirrors,
          supply_closet_lemuel
D:2:      yredelemnul_altar_generic, uniq_jessica
D:3:      nicolae_overflow_hidden_temple
D:4:      okawaru_metal_pillars_1_2, nicolae_overflow_crystal_walls,
          first_bread, gup_sewer_entry_spiral, uniq_edmund
D:5:      grunt_qazlal_clouds, lemuel_crystal_altar, old_standard_altar,
          gup_ossuary_entry_pyramid
D:6:      kennysheep_little_box, serial_shops, shop, lightli_minifort,
          uniq_sigmund
D:7:      temple_hall, uniq_duvessa
D:8:      kennysheep_mini, grunt_lair_entry_orc_guard_hut, serial_shops,
          nicolae_shop_trees, shop, shop
Temple:   compressed_dpeg_triangle_lava_temple
Sewer:    sewer_co_scattered_pipes
Ossuary:  ossuary_the_hunt_dpeg

Skill      XL: |  1  2  3  4  5  6  7  8  9 |
---------------+----------------------------+-----
Spellcasting   | 3 4 6 8 10 12 | 12.0
Conjurations   | 1 |  1.3
Poison Magic   | 4 5 7 8 10 | 10.4
Dodging        | |  3.0
Stealth        | |  3.0

Action                   |  1- 3 |  4- 6 |  7- 9 || total
-------------------------+-------+-------+-------++-------
 Fire: Hunting sling     |    41 |   143 |   471 ||   655
 Cast: Sting             |    12 |     5 |    24 ||    41
       Poisonous Vapours |     9 |    29 |    76 ||   114
       Mephitic Cloud    |       |       |     2 ||     2
       Olgreb's Toxic Ra |       |       |     1 ||     1
       Venom Bolt        |       |       |     1 ||     1
  Use: Potion            |     6 |     2 |     3 ||    11
  Eat: Royal jelly       |       |       |     3 ||     3
Armor: Robe              |     1 |     4 |    15 ||    20
Dodge: Dodged            |     8 |    48 |   183 ||   239
Block: Other             |       |       |    42 ||    42
